 Dungeon Crawl Stone Soup version 0.32-a0-377-g951292165a (webtiles) character file.

Game seed: 16016705244267935799

12329 Kenran the Carver (level 11, 0/84 HPs)
             Began as a Coglin Gladiator on Feb 19, 2024.
             Slain by a yak (8 damage)
             ... on level 9 of the Dungeon.
             The game lasted 00:22:18 (9198 turns).

Kenran the Carver (Coglin Gladiator)                Turns: 9198, Time: 00:22:18

Health: 0/84       AC: 15    Str: 14    XL:     11   Next: 91%
Magic:  11/11      EV: 15    Int:  8    God:
Gold:   637        SH:  0    Dex: 20    Spells: 10/10 levels left

rFire   . . .        w - +0 scimitar (flame) {Kaya}
rCold   + . .        A - +1 falchion (drain) {Aida}
rNeg    + . .        f - +0 acid dragon scales
rPois   .            c - +0 helmet
rElec   .            v - +0 cloak
rCorr   +            h - +0 pair of gloves
SInv    .            r - +3 pair of mountain boots {steadfast, rC+}
Will    .....        (no amulet)
Stlth   +            s - ring of positive energy
HPRegen 0.34/turn    (no ring)
MPRegen 0.12/turn

%: no passive effects
@: revved, stiff-legged, very slow
A: off-hand wielding, slow wielding, warmup strikes, warmup strides
a: no special abilities


You were on level 9 of the Dungeon.
You visited 2 branches of the dungeon, and saw 11 of its levels.

You collected 637 gold pieces.

Inventory:

Hand Weapons
 q - a +4 long sword {Narong}
 w - a +0 scimitar of flaming (weapon) {Kaya}
 y - a +0 short sword of venom
 A - a +1 falchion of draining (worn) {Aida}
 C - a +2 short sword of freezing
Missiles
 d - 3 throwing nets (quivered)
 e - a javelin
Armour
 c - a +0 helmet (worn)
 f - +0 acid dragon scales (worn)
 h - a +0 pair of gloves (worn)
 r - the +3 pair of mountain boots (worn) {steadfast, rC+}
   (You acquired it on level 10 of the Dungeon)

   Steadfast: It prevents involuntary movement, except for blinking,
   teleportation, or banishment.
   rC+:       It protects you from cold.
 v - a +0 cloak (worn)
Jewellery
 a - a +4 ring of protection
 s - a ring of positive energy (left grasper)
 u - a ring of protection from fire
 F - an amulet of regeneration
Wands
 t - a wand of polymorph (6)
 x - a wand of flame (18)
 B - a wand of charming (10)
Scrolls
 g - 2 scrolls of vulnerability {!r}
 i - 2 scrolls of teleportation
 l - 2 scrolls of immolation {!r}
 m - a scroll of enchant armour {unknown}
 o - a scroll of blinking
 p - 2 scrolls of amnesia
 z - a scroll of noise {unknown}
 E - a scroll of identify {@r1}
Potions
 b - 4 potions of attraction {!q}
 j - a potion of haste
 k - a potion of curing {@q1}
 n - a potion of resistance {unknown}


   Skills:
 - Level 7.2 Fighting
 - Level 14.0 Long Blades
 - Level 1.7 Throwing
 - Level 6.0 Armour
 + Level 6.9 Dodging
 - Level 6.0 Evocations


You had 10 spell levels left.
You didn't know any spells.
Your spell library contained the following spells:

 Spells                   Type           Power      Damage    Failure   Level
 Slow                     Hex            0%         N/A       52%         1
 Scorch                   Fire           0%         2d5       65%         2
 Call Canine Familiar     Summ           0%         N/A       87%         3
 Confusing Touch          Hex            0%         N/A       87%         3
 Gell's Gravitas          Tloc           0%         N/A       87%         3
 Sigil of Binding         Hex            0%         N/A       87%         3
 Teleport Other           Tloc           0%         N/A       87%         3
 Vampiric Draining        Necr           0%         2d6       87%         3
 Dimensional Bullseye     Hex/Tloc       0%         N/A       99%         4
 Flame Wave               Conj/Fire      0%         2d4       99%         4
 Dispersal                Tloc           0%         N/A       100%        6
 Summon Cactus Giant      Summ           0%         N/A       100%        6
 Chain Lightning          Conj/Air       0%         N/A       100%        9
 Fire Storm               Conj/Fire      0%         5d1       100%        9
 Shatter                  Erth           0%         3d5*      100%        9


Dungeon Overview and Level Annotations

Branches:
Dungeon (10/15)            Temple (1/1) D:6            Lair (0/5) D:10
    Orc: D:9-12

Altars:
Ashenzari
Cheibriados
Dithmenos
Elyvilon
Fedhas
Gozag
Hepliaklqana
Kikubaaqudgha
Makhleb
Nemelex Xobeh
Okawaru
Qazlal
Ru
Sif Muna
Uskayaw
Vehumet
Wu Jian
Xom
Yredelemnul
Zin
The Shining One

Shops:
D:3 (


Innate Abilities, Weirdness & Mutations

You can wield a second weapon in your off-hand.
It takes a long time for you to wield or remove held weapons.
Your first few attacks do less damage.
Your first movements take longer.


Message History

The yak is lightly wounded.
You barely miss the yak with your +1 falchion of draining.
The yak completely misses you. The yak misses you.
The yak completely misses you.
You slash the yak with your +1 falchion of draining!
You drain the yak.
The yak is heavily wounded.
You slash the yak with your +0 scimitar of flaming!
You burn the yak. The yak gores you but does no damage.
You hit the yak with your +0 scimitar of flaming.
You burn the yak.
The yak is almost dead.
You hit the yak with your +1 falchion of draining.
You kill the yak!
The yak gores you.
Training target 6.0 for Armour reached!
Your Armour skill increases to level 6!
You slash the yak with your +1 falchion of draining!
The yak is moderately wounded.
You slash the yak with your +0 scimitar of flaming!
You burn the yak. The yak gores you!
* * * LOW HITPOINT WARNING * * *
The yak gores you.
* * * LOW HITPOINT WARNING * * *
You slash the yak with your +1 falchion of draining!
The yak is severely wounded.
You hit the yak with your +0 scimitar of flaming.
You burn the yak.
You barely miss the yak with your +1 falchion of draining.
The yak is almost dead.
You hit the yak with your +0 scimitar of flaming.
You burn the yak.
You kill the yak!
The yak gores you!
* * * LOW HITPOINT WARNING * * *
You hit the yak with your +0 scimitar of flaming.
You burn the yak.
The yak is lightly wounded.
You hit the yak but do no damage. The yak gores you!
You die...

....#.....<..#..........
....#........#..........
#####...<....#.......▓▓+
.............#.......▓
.......#####<#.......▓
.......# #.#....▓▓▓▓
#......# #.#....▓
.......# #.###Y†▓
..≣+≣..# #...#@†▓ ..≣
≣..# #...#........
.(≣+≣..# #...#........
.......# ###...#........
##.....# #.....#........
.#+##..###.....#........
..............##........
######...(....#.........
# #........#


You could see a yak.

Vanquished Creatures
  Erica (D:10)
  2 two-headed ogres
  Nergalle (D:10)
  Pikel (D:6)
  A deep elf pyromancer (D:8)
  An orange demon (D:9)
  A rust devil (D:8)
  An unseen horror (D:8)
  2 trolls
  Prince Ribbit (D:6)
  A hornet (D:9)
  2 wyverns
  A wraith (D:10)
  10 yaks
  A neqoxec (D:8)
  A chaos spawn (D:7)
  2 steam dragons
  3 water moccasins
  An acid dragon (D:9)
  A sky beast (D:7)
  An orc warrior (D:9)
  3 black bears
  5 ice beasts
  4 ogres (D:5)
  7 centaurs
  2 lemures
  4 kobold brigands
  5 bullfrogs
  A scorpion (D:5)
  2 gnoll sergeants (D:9)
  8 wights
  7 killer bees
  5 howler monkeys
  3 bombardier beetles
  6 hounds
  A gnoll bouda (D:9)
  3 orc priests
  A jelly (D:5)
  Crazy Yiuf (D:4)
  6 orc wizards
  Ijyb (D:5)
  2 iguanas
  Robin (D:2)
  19 gnolls
  7 adders
  2 white imps
  3 ufetubi
  2 dart slugs
  A ribbon worm (D:5)
  31 orcs
  4 endoplasms
  2 giant cockroaches
  17 goblins
  12 hobgoblins
  6 jackals
  4 quokkas
  3 ball pythons
  2 bats
  2 frilled lizards
  14 kobolds
  6 rats
251 creatures vanquished.

Vanquished Creatures (others)
  A howler monkey (D:9)
1 creature vanquished.

Grand Total: 252 creatures vanquished

Notes
Turn   | Place    | Note
-------+----------+-------------------------------------------
     0 | D:1      | Kenran the Coglin Gladiator began the quest for the Orb.
     0 | D:1      | Reached XP level 1. HP: 16/16 MP: 1/1
    65 | D:1      | Reached XP level 2. HP: 16/22 MP: 2/2
   406 | D:1      | Reached skill level 4 in Long Blades
   410 | D:1      | Reached XP level 3. HP: 18/27 MP: 3/3
   480 | D:1      | Found a faded altar of an unknown god.
   874 | D:2      | Noticed Robin
   915 | D:2      | Killed Robin
   916 | D:2      | Reached XP level 4. HP: 22/33 MP: 4/4
   941 | D:2      | Reached skill level 5 in Long Blades
  1117 | D:2      | Found a shimmering blue altar of Sif Muna.
  1442 | D:3      | HP: 1/33 [poisoned by a kobold]
  1598 | D:3      | Found Agicuoj's Weapon Boutique.
  1866 | D:3      | Reached XP level 5. HP: 29/38 MP: 5/5
  2727 | D:4      | Found a runed translucent door.
  2728 | D:4      | Noticed Crazy Yiuf
  2782 | D:4      | Reached skill level 6 in Long Blades
  2792 | D:4      | Found a blossoming altar of Fedhas.
  3189 | D:4      | Reached XP level 6. HP: 44/44 MP: 6/6
  3415 | D:4      | Killed Crazy Yiuf
  3416 | D:4      | Reached skill level 7 in Long Blades
  3584 | D:5      | Entered Level 5 of the Dungeon
  3664 | D:5      | Noticed an ice beast
  3683 | D:5      | Killed an ice beast
  3684 | D:5      | Reached XP level 7. HP: 50/50 MP: 7/7
  3713 | D:5      | Reached skill level 8 in Long Blades
  3870 | D:5      | Reached skill level 9 in Long Blades
  3994 | D:5      | Reached XP level 8. HP: 47/56 MP: 8/8
  4129 | D:5      | Reached skill level 10 in Long Blades
  4488 | D:5      | Noticed a yak
  4497 | D:5      | Killed a yak
  4498 | D:5      | Reached skill level 5 in Dodging
  4663 | D:5      | Reached skill level 1 in Armour
  4959 | D:5      | Reached XP level 9. HP: 45/62 MP: 9/9
  5032 | D:5      | Noticed Ijyb
  5071 | D:5      | Killed Ijyb
  5264 | D:6      | Noticed Pikel
  5562 | D:6      | Killed Pikel
  5642 | D:6      | Noticed Prince Ribbit
  5647 | D:6      | Killed Prince Ribbit
  5898 | D:6      | Found a staircase to the Ecumenical Temple.
  6031 | Temple   | Entered the Ecumenical Temple
  6075 | D:6      | Reached skill level 5 in Fighting
  6156 | D:7      | Reached skill level 11 in Long Blades
  6196 | D:7      | You fall into a shaft and drop 3 floors!
  6196 | D:10     | Entered Level 10 of the Dungeon
  6210 | D:10     | Noticed a two-headed ogre
  6211 | D:10     | Noticed a komodo dragon
  6231 | D:10     | Identified a scroll of acquirement
  6231 | D:10     | Acquired the +3 pair of mountain boots {steadfast, rC+}
  6231 | D:10     | Found the +3 pair of mountain boots {steadfast, rC+}
  6239 | D:10     | Killed a two-headed ogre
  6240 | D:10     | Reached XP level 10. HP: 46/77 MP: 10/10
  6366 | D:10     | Noticed Erica
  6384 | D:10     | Killed Erica
  6385 | D:10     | Reached skill level 12 in Long Blades
  6409 | D:10     | Noticed Nergalle
  6440 | D:10     | Killed Nergalle
  6483 | D:9      | HP: 2/79 [gnoll sergeant/+0 spear of venom (11)]
  6489 | D:9      | HP: 1/79 [gnoll/+0 halberd[a gnoll sergeant] (9)]
  6539 | D:9      | Reached skill level 13 in Long Blades
  7001 | D:9      | Noticed an orange demon
  7001 | D:9      | Noticed a rust devil
  7224 | D:7      | Reached XP level 11. HP: 84/84 MP: 11/11
  7449 | D:7      | Reached skill level 14 in Long Blades
  7460 | D:7      | Reached skill level 1 in Evocations
  7494 | D:7      | Found a glowing golden altar of the Shining One.
  7496 | D:7      | Found an iron altar of Okawaru.
  7499 | D:7      | Found an opulent altar of Gozag.
  7500 | D:7      | Found a white marble altar of Elyvilon.
  7500 | D:7      | Found a broken altar of Ashenzari.
  7500 | D:7      | Found a sparkling altar of Nemelex Xobeh.
  7503 | D:7      | Found a snail-covered altar of Cheibriados.
  7744 | D:8      | Noticed a two-headed ogre
  7750 | D:8      | Killed a two-headed ogre
  7772 | D:8      | Reached skill level 5 in Evocations
  7939 | D:8      | Noticed a deep elf pyromancer
  7962 | D:8      | Killed a deep elf pyromancer
  8427 | D:8      | Identified the +0 lajatang of Qazlal's Generosity {elec,
                  | ^Contam *Slow rElec Str+6}
  8505 | D:8      | Reached skill level 5 in Armour
  8624 | D:8      | Identified the +9 trident "Sarcophage" {flame, Int+3}
  9198 | D:9      | Slain by a yak

Illustrated notes

Levels and vault maps discovered:
D:1:      dpeg_arrival_signposts, layout_basic, basic_ecumenical_altar
D:2:      layout_rooms, basic_altar, uniq_robin
D:3:      layout_basic, serial_shops, shop
D:4:      layout_loops_cross, lemuel_round_altar,
          nicolae_concentric_dashed_squares_wild, minmay_fountain_box,
          uniq_crazy_yiuf_cottage
D:5:      minmay_bubble_buster, layout_loops_ring, amethyst_killhole, uniq_ijyb
D:6:      layout_basic, minmay_temple_entry_statues_pillars, uniq_pikel,
          uniq_prince_ribbit1
D:7:      layout_rooms, minitemple, dk_noncrumbling_3
D:8:      layout_loops_ring, chequers_serial_rivers_small_3, minmay_the_grid_2x2
          [minmay_the_grid_box_x, minmay_the_grid_minigrid_small,
          minmay_the_grid_broken_lines, minmay_the_grid_prize_inner_circle]
D:9:      layout_irregular_city, kennysheep_mini_moat, mrwooster_statue_mirror,
          nicolae_neqoxec_dot_bat
D:10:     layout_cave_pools, erik_lair_dragon, serial_shops, shop,
          enter_bailey_5, uniq_erica, uniq_nergalle
Temple:   dshaligram_water_room_temple

Skill      XL: |  1  2  3  4  5  6  7  8  9 10 11 |
---------------+----------------------------------+-----
Long Blades    | 4 5 6 7 9 10 11 13 14 | 14.0
Dodging        | 5 6 |  6.9
Armour         | 1 4 6 |  6.0
Fighting       | 6 7 |  7.2
Evocations     | 6 |  6.0
Throwing       | |  1.7

Action                     |  1- 3 |  4- 6 |  7- 9 | 10-12 || total
---------------------------+-------+-------+-------+-------++-------
  Melee: Long sword        |    62 |   145 |   197 |    22 ||   426
         Falchion          |       |    52 |   195 |   234 ||   481
         Scimitar          |       |       |       |   222 ||   222
  Throw: Throwing net      |       |     1 |     2 |       ||     3
         Javelin           |       |       |       |     1 ||     1
  Evoke: Wand              |       |       |       |     1 ||     1
    Use: Scroll            |       |     1 |     8 |     9 ||    18
         Potion            |       |       |       |    17 ||    17
   Stab: Held in net/web   |       |     2 |     4 |       ||     6
         Invisible         |       |       |       |     4 ||     4
 Armour: Leather armour    |    24 |       |       |       ||    24
         Scale mail        |    38 |    90 |   157 |    34 ||   319
         Skin              |       |       |       |    43 ||    43
         Acid dragon scale |       |       |       |   100 ||   100
  Dodge: Dodged            |    57 |    60 |   102 |   155 ||   374

Table legend: (Time is in decaauts)
 A = Elapsed time spent in this place.
 B = Non-inter-level travel time spent in this place.
 C = Inter-level travel time spent in this place.
 D = Time resting spent in this place.
 E = Time spent auto-exploring this place.
 F = Levels seen in this place.
 G = Mean time per level.
                   A        B        C        D        E       F      G
               +--------+--------+--------+--------+--------+-----+--------+
         Total |   9422 |   9030 |    392 |   2069 |   4603 |  11 |  856.5 |
       Dungeon |   9421 |   9029 |    392 |   2069 |   4603 |  10 |  942.1 |
        Temple |      1 |      1 |      0 |      0 |      0 |   1 |    1.0 |
               +--------+--------+--------+--------+--------+-----+--------+

Top non-repeatable levels by time:
     D:5: 1670 daAuts
     D:3: 1172 daAuts
     D:8: 1134 daAuts
     D:4: 982 daAuts
     D:1: 917 daAuts
     D:7: 905 daAuts
     D:6: 888 daAuts
     D:9: 765 daAuts
     D:2: 711 daAuts
    D:10: 273 daAuts
  Temple: 1 daAuts
